 Dungeon Crawl Stone Soup version 0.29.1-12-g30fa7ad0bf (webtiles) character file.

Game seed: 2668153249035683567

149 ThatPearl the Chopper (level 5, -2/41 HPs)
             Began as a Demonspawn Gladiator on Jan 2, 2023.
             Was an Initiate of Ashenzari.
             Killed by nerve-wracking pain
             ... invoked by a shadow imp
             ... summoned by Natasha
              (4 damage)
             ... on level 2 of the Dungeon.
             The game lasted 00:05:47 (1784 turns).

ThatPearl the Chopper (Demonspawn Gladiator)        Turns: 1784, Time: 00:05:48

Health: -2/41      AC:  7    Str: 15    XL:     5   Next: 9%
Magic:  5/5        EV: 10    Int: 11    God:    Ashenzari [......]
Gold:   82         SH:  0    Dex: 14    Spells: 4/4 levels left

rFire   . . .      SeeInvis .   a - +0 war axe
rCold   . . .      Faith    .   (no shield)
rNeg    . . .      Spirit   .   y - +0 scale mail
rPois   .          Reflect  .   c - +0 helmet "Prophetic Inaction" {Fort, Elem} (curse)
rElec   .          Harm     .   (no cloak)
rCorr   .          Rampage  .   (no gloves)
Will    .....                   (no boots)
Stlth   ..........              (no amulet)
HPRegen 0.13/turn               (no ring)
MPRegen 0.09/turn               (no ring)

@: slowed, very slow
A: claws 1, ignite blood 1
a: Renounce Religion, Shatter the Chains


You were on level 2 of the Dungeon.
You worshipped Ashenzari.
Ashenzari was noncommittal.
You visited 1 branch of the dungeon, and saw 2 of its levels.

You collected 82 gold pieces.

Inventory:

Hand Weapons
 a - a +0 war axe (weapon)
 n - a +0 spear
Missiles
 e - a javelin (quivered)
 f - 29 stones
 m - 4 poisoned darts
 q - 4 atropa-tipped darts
Armour
 c - the cursed +0 helmet "Prophetic Inaction" (worn) {Fort, Elem}

   It has a curse which improves the following skills: Fortitude: Armour and
   Shields.
   Elements:  Fire Magic, Ice Magic, Air Magic and Earth Magic.
 y - a +0 scale mail (worn)
Scrolls
 g - a scroll of vulnerability {unknown}
 j - 2 scrolls of blinking {unknown}
 l - 2 scrolls of identify {unknown}
 o - 2 scrolls of torment {unknown}
 s - a scroll of teleportation {unknown}
 u - a scroll of immolation {unknown}
 v - a scroll of magic mapping {unknown}
 w - a scroll of butterflies {unknown}
Potions
 h - a potion of haste {unknown}
 i - a potion of magic {unknown}
 k - a potion of brilliance {unknown}
 p - a potion of lignification {unknown}
 r - a potion of attraction {unknown}
 t - a potion of heal wounds {unknown}


   Skills:
 + Level 3.3 Fighting
 + Level 3.7 Axes
 - Level 1.7 Throwing
 + Level 2.3(2.7) Armour
 - Level 2.6 Dodging


You had 4 spell levels left.
You didn't know any spells.
Your spell library was empty.

Dungeon Overview and Level Annotations

Branches:
Dungeon (2/15)

Altars:
Ashenzari

Shops:
D:1 [

Annotations:
D:2 Natasha


Innate Abilities, Weirdness & Mutations

You have sharp fingernails.
Your demonic aura sometimes causes spilled blood to erupt in flames.


Message History

You slash Natasha!
You kill Natasha!
Natasha screams in pain as she dies!
You have reached level 5!
You start resting.
Natasha, Servant of Life and Death comes into view.
You aren't carrying any items that you can evoke.
Throw: 2 throwing nets
Press: ? - help, Q - select action, (/) - cycle Shift-Dir - straight line, f - Natasha
Aim: Natasha (51% to hit)
You throw a throwing net. The throwing net barely misses Natasha.
Natasha mewls in sadness.
Natasha stares at you and mumbles some strange words.
You feel as though you will be slow longer.
Throw: throwing net
Press: ? - help, Q - select action, (/) - cycle Shift-Dir - straight line, f/p - Natasha
Aim: Natasha (51% to hit)
You throw a throwing net. The throwing net hits Natasha.
Natasha is caught in the net!
Natasha struggles against the net. x2
Natasha casts a spell at you. The magic dart hits you.
* * * LOW HITPOINT WARNING * * *
Natasha struggles against the net.
Natasha struggles against the net. x2
The net rips apart, and Natasha comes free!
Natasha mumbles some strange words.
Natasha casts a spell.
Natasha mewls in sadness.
Natasha stares at you and mumbles some strange words.
You feel as though you will be slow longer.
The white imp gestures at you. The puff of frost misses you.
The white imp gestures at you. The puff of frost hits you.
* * * LOW HITPOINT WARNING * * *
Found a purple potion.
The shadow imp gestures at you. Pain shoots through your body!
You die...

#####.###.#.###.....
#.....#..##....#
#####.#......... ######
#.#.##.....# #....#
#.#.##.....# #....#
#..........# #....#
###.###....#
#!...#########)###....#
#.....@5h..............
#...5###....###..#.....
#...........####รท#.....
########5...#......####
#....#......# # ######
#..5.#......## #.....
#5...#.......# #.....
###5...#.......#
#.._..##..h#.##.......##


You could see Natasha, a white imp (summoned) and a shadow imp (summoned).

Vanquished Creatures
  A black bear (D:2)
  Natasha (D:2)
  2 dart slugs
  A ball python (D:2)
  An endoplasm (D:1)
  A giant cockroach (D:2)
  8 goblins
  3 hobgoblins (D:2)
  6 bats
  A frilled lizard (D:2)
  5 kobolds
  2 rats (D:1)
32 creatures vanquished.

Notes
Turn   | Place    | Note
-------+----------+-------------------------------------------
     0 | D:1      | ThatPearl the Demonspawn Gladiator began the quest for the
                  | Orb.
     0 | D:1      | Reached XP level 1. HP: 16/16 MP: 1/1
   303 | D:1      | Gained mutation: Your demonic aura sometimes causes spilled
                  | blood to erupt in flames. [demonic ancestry]
   303 | D:1      | Reached XP level 2. HP: 22/22 MP: 2/2
   452 | D:1      | Found Gomulov's Antique Armour Shop.
   490 | D:1      | Reached skill level 1 in Armour
  1125 | D:2      | Reached XP level 3. HP: 15/28 MP: 3/3
  1349 | D:2      | Noticed a black bear
  1363 | D:2      | Killed a black bear
  1364 | D:2      | Gained mutation: You have sharp fingernails. [demonic
                  | ancestry]
  1364 | D:2      | Reached XP level 4. HP: 24/35 MP: 4/4
  1500 | D:2      | Found a faded altar of an unknown god.
  1548 | D:2      | Prayed at the altar of an unknown god.
  1548 | D:2      | Became a worshipper of Ashenzari the Shackled
  1752 | D:2      | Noticed Natasha
  1764 | D:2      | Killed Natasha
  1765 | D:2      | Reached XP level 5. HP: 8/41 MP: 5/5
  1767 | D:2      | Noticed Natasha
  1778 | D:2      | HP: 1/41 [white imp/puff of frost[Natasha] (6)]
  1784 | D:2      | Killed from afar by a shadow imp

Illustrated notes

Levels and vault maps discovered:
D:1:      dpeg_arrival_rooms_b, layout_basic, serial_shops, nicolae_shop_stone,
          chequers_decorated_corner
D:2:      minmay_wonky_spiral, layout_basic,
          dreamdust_ecumenical_altar_angels_and_demons, basic_altar,
          serial_shops, shop, hangedman_decor_opposing, uniq_natasha

Skill      XL: |  1  2  3 |
---------------+----------+-----
Axes           | 3 |  3.7
Armour         | 1 2 |  2.3
Fighting       | 3 |  3.3
Throwing       | |  1.7
Dodging        | |  2.6

Action                   |  1- 3 |  4- 6 || total
-------------------------+-------+-------++-------
Melee: War axe           |    85 |    17 ||   102
       Punch             |     1 |       ||     1
Throw: Throwing net      |     1 |     2 ||     3
Invok: Curse Item        |       |     1 ||     1
Armor: Leather armour    |    39 |     4 ||    43
       Scale mail        |       |     1 ||     1
Dodge: Dodged            |    69 |     9 ||    78
